 Dungeon Crawl Stone Soup version 0.23-a0-844-gdc03e01 (console) character file.

57 Duffy the Magician (level 4, 36/36 HPs)
             Began as a Naga Wizard on Jan 26, 2019.
             Quit the game on level 2 of the Dungeon.
             The game lasted 00:01:55 (1698 turns).

Duffy the Magician (Naga Wizard)                    Turns: 1698, Time: 00:01:55

Health: 36/36      AC:  2    Str: 10    XL:     4   Next: 0%
Magic:  6/9        EV: 10    Int: 19    God:
Gold:   40         SH:  0    Dex:  9    Spells: 1/10 levels left

rFire    + . .     SeeInvis +   c - +0 dagger
rCold    . . .     Gourm    .   (no shield)
rNeg     . . .     Faith    .   a - +0 robe
rPois    +         Spirit   .   b - +0 hat
rElec    .         Reflect  .   (no cloak)
rCorr    .         Harm     .   (no gloves)
MR       .....                  (no barding)
Stlth    ++........             (no amulet)
HPRegen  0.12/turn              k - ring of protection from fire
MPRegen  0.11/turn              (no ring)

@: very slightly contaminated, very slow
A: large, see invisible, deformed body, poison resistance, slowness 2, slow
metabolism 1, spit poison 1, AC +1
a: Spit Poison


You were on level 2 of the Dungeon.
You were hungry.

You visited 1 branch of the dungeon, and saw 2 of its levels.

You collected 40 gold pieces.

Inventory:

Hand Weapons
 c - a +0 dagger (weapon)
 o - a +0 spear
Armour
 a - a +0 robe (worn)
 b - a +0 hat (worn)
 h - a +0 buckler
 j - a +0 shield
Jewellery
 k - a ring of protection from fire (left hand)
Scrolls
 e - 2 scrolls of identify {unknown}
 g - a scroll of remove curse {unknown}
 i - a scroll of teleportation {unknown}
 n - a scroll of fog {unknown}
Potions
 f - a potion of magic {unknown}
 l - 4 potions of lignification {unknown}
 m - a potion of curing {unknown}
Comestibles
 d - 2 rations


   Skills:
 - Level 1.5 Dodging
 - Level 3.0 Stealth
 + Level 3.6 Spellcasting
 + Level 2.3 Conjurations
   Level 1.0 Summonings
 - Level 1.0 Translocations
 + Level 0.7 Fire Magic
 + Level 0.5 Air Magic
 + Level 0.9 Poison Magic


You had one spell level left.
You knew the following spells:

 Your Spells              Type           Power        Failure   Level  Hunger
b - Blink                 Tloc           N/A          14%         2    ##.....
h - Magic Dart            Conj           ##..         5%          1    None
l - Conjure Flame         Conj/Fire      #.......     22%         3    ###....
o - Mephitic Cloud        Conj/Pois/Air  #.......     26%         3    ###....

Your spell library contained the following spells:

 Spells                   Type           Power        Failure   Level  Hunger
 Call Imp                 Summ           #.......     14%         2    ##.....
 Slow                     Hex            #.......     22%         2    ##.....


Dungeon Overview and Level Annotations

Branches:
Dungeon (2/15)

Altars:


Innate Abilities, Weirdness & Mutations

You cannot wear boots.
Your serpentine skin is tough. (AC +1)
You have supernaturally acute eyesight. (SInv)
Armour fits poorly on your strangely shaped body.
Your system is resistant to poisons. (rPois)
You cover ground very slowly.
You have a slow metabolism.
You can spit poison.


Message History

You smell something strange.
Casting: Magic Dart (safe; 5% risk of failure)
Confirm with . or Enter, or press ? or * to list all spells.
Aiming: Magic Dart (safe; 5% risk of failure)
Press: ? - help, Shift-Dir - straight line, f/p - rat
Aim: a rat The magic dart hits the rat.
You kill the rat!
You have reached level 4!
You feel stronger.
Okay, then.
Memorise Blink, consuming 2 spell levels and leaving 1?
You start memorising the spell.
You continue memorising. x2
You finish memorising.
Spell assigned to 'j'.
Adjust (i)tems, (s)pells, or (a)bilities?
Adjust which spell? j - Blink Adjust to which letter? b - Blink Are you sure you want to abandon this character and quit the game? (Confirm with "yes".)

#...#
#############
#...# # #...# #
##(### # #.(.#
###### ###.# #.#
#...^# #.# ...#
#.##.#
###)#######.....
#[....
#.......@%...)..
.######.#
##....##..##.....
.........
#.........# ##.
.######..
#........## #..
#.....#### #.#
#.(...# #.#
#.....###### ..#
#..........# ####
#..........#


There were no monsters in sight!

Vanquished Creatures
  An adder (D:2)
  An ooze (D:1)
  3 dart slugs (D:1)
  2 leopard geckos (D:1)
  A giant cockroach (D:2)
  2 goblins (D:1)
  7 hobgoblins
  2 ball pythons
  6 bats
  2 frilled lizards (D:1)
  3 kobolds
  8 rats
38 creatures vanquished.

Notes
Turn   | Place    | Note
-------+----------+-------------------------------------------
     0 | D:1      | Duffy the Naga Wizard began the quest for the Orb.
     0 | D:1      | Reached XP level 1. HP: 15/15 MP: 4/4
   128 | D:1      | Reached XP level 2. HP: 20/22 MP: 4/6
   543 | D:1      | Reached XP level 3. HP: 28/28 MP: 4/8
   552 | D:1      | Learned a level 3 spell: Conjure Flame
   556 | D:1      | Learned a level 3 spell: Mephitic Cloud
  1694 | D:2      | Reached XP level 4. HP: 36/36 MP: 6/9
  1698 | D:2      | Learned a level 2 spell: Blink
  1698 | D:2      | Quit the game

Vault maps used:
D:1:      minmay_arrival_split_and_join, minmay_tetromino_i4
D:2:      uniq_natasha

Skill      XL: |  1  2 |
---------------+-------+-----
Conjurations   | 2 |  2.3
Dodging        | |  1.5
Stealth        | |  3.0
Spellcasting   | |  3.6
Summonings     | |  1.0
Translocations | |  1.0
Fire Magic     | |  0.7
Air Magic      | |  0.5
Poison Magic   | |  0.9

Action                   |  1- 3 |  4- 6 || total
-------------------------+-------+-------++-------
Melee: Dagger            |     3 |       ||     3
 Cast: Magic Dart        |    83 |     1 ||    84
 Abil: Spit Poison       |     8 |       ||     8
  Eat: Chunk             |     1 |       ||     1
Armor: Robe              |     7 |       ||     7
Dodge: Dodged            |    15 |       ||    15

Table legend:
 A = Non-vault XP
 B = Vault XP
 C = Vault XP percentage of total XP
 D = Non-vault monster count
 E = Vault monster count
 F = Vault count percentage of total count
                 A         B        C        D         E       F
            +---------+---------+-------+---------+---------+-------
      Total |      75 |       7 |   8.5 |      34 |       4 |  10.5
            +---------+---------+-------+---------+---------+-------
        D:1 |      50 |       7 |  12.3 |      24 |       4 |  14.3
        D:2 |      25 |       0 |   0.0 |      10 |       0 |   0.0
            +---------+---------+-------+---------+---------+-------
